 Dungeon Crawl Stone Soup version 0.20.1-1-g8b1a95d (webtiles) character file.

145 Kagerus the Slasher (level 5, 41/41 HPs)
             Began as a Human Fighter on July 28, 2017.
             Got out of the dungeon alive.
             The game lasted 00:04:57 (1780 turns).

Kagerus the Slasher (Human Fighter)                 Turns: 1780, Time: 00:04:57

Health: 41/41      AC:  7    Str: 15 (17) XL:     5   Next: 53%
Magic:  5/5        EV:  6    Int:  6 (9)  God:
Gold:   90         SH:  8    Dex: 10 (12) Spells: 4/4 levels left

rFire    . . .     SeeInvis .   a - +0 long sword
rCold    . . .     Gourm    .   c - +0 shield
rNeg     . . .     Faith    .   b - +0 scale mail
rPois    .         Spirit   .   (helmet restricted)
rElec    .         Reflect  .   (no cloak)
rCorr    .         Harm     .   e - +0 pair of gloves
MR       .....                  (no boots)
Stlth    ..........             (no amulet)
Regen    0.2/turn               (no ring)
MPRegen  0.1/turn               (no ring)

@: no status effects
A: horns 1, deterioration 1, wild magic 1
a: no special abilities


You escaped.
You were not hungry.

You visited 1 branch of the dungeon, and saw 3 of its levels.

You collected 90 gold pieces.

Inventory:

Hand Weapons
 a - a +0 long sword (weapon)
Armour
 b - a +0 scale mail (worn)
 c - a +0 shield (worn)
 e - a +0 pair of gloves (worn)
Scrolls
 i - 2 scrolls of remove curse
 j - 2 scrolls of teleportation
 p - a scroll of blinking {unknown}
Potions
 d - 2 potions of might
 l - a potion of degeneration
 m - a potion of cancellation
Comestibles
 f - 3 bread rations


   Skills:
 - Level 3.0 Fighting
 + Level 5.3 Long Blades
 - Level 3.0 Armour
 - Level 3.0 Shields


You had 4 spell levels left.
You didn't know any spells.

Dungeon Overview and Level Annotations

Branches:
Dungeon (3/15)

Altars:


Innate Abilities, Weirdness & Mutations

You have a pair of small horns on your head.
Your body sometimes deteriorates upon taking damage.
Your spells are a little harder to cast, but a little more powerful.


Message History

* * * LOW HITPOINT WARNING * * *
You feel sick.
It was a potion of curing.
You feel better.
You start resting.
You feel a little less agile now.
You start resting.
You feel yourself speed up.
You start resting.
Some of the chunks of flesh in your inventory have rotted away.
You recover from your berserk rage.
You start resting.
Some of the chunks of flesh in your inventory have rotted away.
All of the chunks of flesh in your inventory have rotted away.
HP restored.
There is a stone staircase leading up here.
You climb upwards.
There is a stone staircase leading down here.
There is a staircase leading out of the dungeon here.
Are you sure you want to leave the Dungeon?
This will make you lose the game!
You have escaped!

#..............###.....#.#
#........................#
###.............#####......#
..............#####........#
.#.........#≈..###..≈......######
##........#≈♣≈.....≈♣≈..........#
##.......≈♣⌠♣≈≈≈≈≈♣⌠♣≈.[...###.#
#........≈♣.......♣≈..>...# #.#
###.........≈...@...≈...#...###.#
...####....≈♣........≈......#...#
##...#..#.≈♣⌠♣≈≈≈≈≈.⌠.≈.#####.###
#.#...##..≈♣≈.....≈.≈..#.....#
##.#######..≈...##..≈..##.#####
................###...###.#
...........(......####....#
...........######.# #.####
...........##...#'####.#


There were no monsters in sight!

Vanquished Creatures
  An orc wizard (D:3)
  6 adders (D:2)
  2 oozes
  3 worms (D:2)
  2 dart slugs (D:2)
  A leopard gecko (D:3)
  An orc (D:3)
  2 giant cockroaches
  7 goblins
  5 hobgoblins (D:1)
  3 kobolds (D:2)
  2 quokkas (D:2)
  A ball python (D:3)
  5 bats
  A frilled lizard (D:2)
  2 rats (D:2)
44 creatures vanquished.

Vanquished Creatures (others)
  4 toadstools (D:1)
4 creatures vanquished.

Grand Total: 48 creatures vanquished

Notes
Turn   | Place    | Note
-------+----------+-------------------------------------------
     0 | D:1      | Kagerus the Human Fighter began the quest for the Orb.
     0 | D:1      | Reached XP level 1. HP: 18/18 MP: 1/1
   129 | D:1      | Reached XP level 2. HP: 24/24 MP: 2/2
   214 | D:1      | Reached skill level 3 in Long Blades
   583 | D:2      | Reached XP level 3. HP: 29/29 MP: 3/3
   760 | D:2      | Reached skill level 4 in Long Blades
   760 | D:2      | Reached XP level 4. HP: 35/35 MP: 4/4
   887 | D:2      | Found a faded altar of an unknown god.
  1183 | D:2      | Reached XP level 5. HP: 41/41 MP: 5/5
  1421 | D:3      | Reached skill level 5 in Long Blades
  1487 | D:3      | HP: 2/41 [poisoned by an orc wizard]
  1501 | D:2      | Gained mutation: You have a pair of small horns on your head. [potion of mutation]
  1501 | D:2      | Gained mutation: Your body sometimes deteriorates upon taking damage. [potion of mutation]
  1501 | D:2      | Gained mutation: Your spells are a little harder to cast, but a little more powerful. [potion of mutation]
  1502 | D:2      | HP: 2/41 [poisoned by an orc wizard]
  1507 | D:2      | HP: 1/41 [poisoned by an orc wizard]
  1780 | D:$      | Got out of the dungeon alive.

Skill      XL: |  1  2  3  4  5 |
---------------+----------------+-----
Long Blades    | 3 4 5 |  5.3
Fighting       | |  3.0
Armour         | |  3.0
Shields        | |  3.0

Action                   |  1- 3 |  4- 6 || total
-------------------------+-------+-------++-------
Melee: Long sword        |    68 |   120 ||   188
  Use: Potion            |       |     9 ||     9
       Scroll            |       |     3 ||     3
  Eat: Chunk             |       |     2 ||     2
       Royal jelly       |       |     2 ||     2
Armor: Scale mail        |    29 |    59 ||    88
Dodge: Dodged            |    28 |    39 ||    67
Block: Shield            |    32 |    54 ||    86
       Rpst.: Long sword |    13 |    10 ||    23
